[Event "Late-Titled-Tuesday-Blitz-April-16-2024"]
[Site "Chess.com"]
[Date "2024.04.16"]
[Round "10"]
[White "zverr1"]
[Black "Hirna2005"]
[Result "1-0"]
[WhiteElo "2511"]
[BlackElo "2361"]
[TimeControl "180+1"]
[EndTime "15:54:02 PDT"]
[Termination "zverr1 won by resignation"]

1. e4 g6 2. d4 Bg7 3. Nc3 d6 4. Be3 a6 5. a4 Nc6 6. h3 e5 7.
Nge2 f5 8. dxe5 Nxe5 9. exf5 Bxf5 10. Nd4 Bd7 11. Qd2 Nf6 12. f4 Nc6 13. Bc4 Nxd4 14. Bxd4 Qe7+ 15. Qe2 Qxe2+ 16. Bxe2 O-O-O 17. O-O Bc6 18. Bf3 Bxf3 19. Rxf3 Rhf8 20. Raf1 c5 21.
Bxf6 Bxf6 22. Nd5 Bxb2 23. c3 c4 24. Nb6+ Kb8 25. Nxc4 Bxc3 26. Rxc3 d5 27. Ne5 d4 28. Rd3 Rd5 29. g3 g5 30. Nf3 gxf4 31. Rxd4 Rh5 32. Rxf4 Rxf4 33. gxf4 Rxh3 34. Kg2 Rh6 35. f5 Rf6 36.
Ng5 h6 37. Ne4 Rf7 38. f6 Kc7 39. Rh1 Kd7 40. Rxh6 Rf8 41. Nc5+ Kc6 42. Ne6 Rg8+ 43. Kf3 Rg1 44. Kf2 Ra1 45. f7 Ra2+ 46. Kf3 Ra3+ 47. Kf4 Rxa4+ 48. Kf5 Ra1 49. f8=Q Rf1+ 50. Nf4+ 1-0

[Event "Late-Titled-Tuesday-Blitz-April-16-2024"]
[Site "Chess.com"]
[Date "2024.04.16"]
[Round "10"]
[White "zacachess"]
[Black "dasatcu90"]
[Result "0-1"]
[WhiteElo "2333"]
[BlackElo "2200"]
[TimeControl "180+1"]
[EndTime "15:54:03 PDT"]
[Termination "dasatcu90 won on time"]

1. e4 c6 2. d4 d5 3. e5 Bf5 4. h4 h5 5. Bd3 Bxd3 6. Qxd3 e6 7. Bg5 Qa5+ 8. Nd2 Qa6 9. c4 Bb4 10. b3 Ne7 11. Ne2 Nd7 12. O-O Nf5 13. Ng3 Bxd2 14. Nxf5 exf5 15. Bxd2 g6 16. Bb4 Nf8 17. Qd2 Ne6 18. cxd5 cxd5 19. Rac1 Qb6 20. Rfd1 Qd8 21. g3 b6 22. Bd6 f6 23. exf6 Qxd6 24.
Re1 O-O 25. Qh6 Rxf6 26. Rcd1 Qf8 27. Qd2 Re8 28. Re5 Ng7 29. Rxd5 Rd6 30. Rxd6 Qxd6 31. d5 Rd8 32. Qd4 Ne8 33. Rd3 Nf6 34. Re3 Nxd5 35.
Re5 Nf6 36. Qf4 Ng4 0-1

[Event "Late-Titled-Tuesday-Blitz-April-16-2024"]
[Site "Chess.com"]
[Date "2024.04.16"]
[Round "10"]
[White "Byniolus"]
[Black "Zavgorodniy_Sergiy"]
[Result "0-1"]
[WhiteElo "2824"]
[BlackElo "2642"]
[TimeControl "180+1"]
[EndTime "15:54:04 PDT"]
[Termination "Zavgorodniy_Sergiy won by resignation"]

1. d4 d5 2. Nf3 Nf6 3. Bf4 e6 4. Nbd2 c5 5. c3 Bd6 6. Bg3 Qc7 7. e3 Nbd7 8. Be2 O-O 9. c4 Bxg3 10. hxg3 dxc4 11.
Nxc4 b6 12. Rc1 Bb7 13. O-O Rac8 14. dxc5 Nxc5 15. Qd6 Rfd8 16. Qxc7 Rxc7 17. Nfe5 Ba8 18. Rfd1 Rcc8 19. Nd6 Rc7 20. b4 Na6 21. Bxa6 Rxd6 22.
Rxd6 Rxc1+ 23. Kh2 Bc6 24. Rxc6 Ng4+ 25. Kh3 Nxf2+ 26.
Kh4 Rh1+ 27. Kg5 f6+ 28. Kf4 fxe5+ 29. Kxe5 Ng4+ 30. Kxe6 Rh6+ 31. Kf5 Rxc6 32. Kxg4 Rc2 33. Kf3 Kf8 34. a4 Ra2 35. b5 Rxa4 36. e4 Ke7 37. Kf4 Kf6 38. g4 g5+ 0-1

[Event "Late-Titled-Tuesday-Blitz-April-16-2024"]
[Site "Chess.com"]
[Date "2024.04.16"]
[Round "10"]
[White "marcodobrikov"]
[Black "Binary010"]
[Result "1-0"]
[WhiteElo "2629"]
[BlackElo "2769"]
[TimeControl "180+1"]
[EndTime "15:54:07 PDT"]
[Termination "marcodobrikov won on time"]

1. e4 c5 2. Nf3 a6 3. c4 Nc6 4. Nc3 e5 5. Nd5 d6 6. d3 Nge7 7. Be2 Bg4 8. O-O Bxf3 9. Bxf3 Nxd5 10. cxd5 Nd4 11. Bg4 g6 12. f4 h5 13. Bh3 Bg7 14. f5 g5 15. g4 hxg4 16. Bxg4 Qf6 17. h3 Qh6 18. Be3 Bf6 19. Rc1 Ke7 20. Kg2 Rac8 21.
a3 Rc7 22. b4 Rhc8 23. bxc5 Rxc5 24. Rxc5 Rxc5 25. Qb1 b5 26. a4 Qh8 27. a5 Qd8 28. Rc1 Qxa5 29. Rxc5 dxc5 30. Qc1 Kd6 31. Bxg5 Qd8 32.
Be3 a5 33. Qb2 b4 34. Bd1 Qg8+ 35. Kh2 Bg5 36. Bxd4 Bf4+ 37. Kh1 exd4 38. Qg2 Qxg2+ 39. Kxg2 Ke5 40. Kf3 Bh6 41. Bb3 Kf6 42. h4 Be3 43. d6 Bh6 44. e5+ 1-0

[Event "Late-Titled-Tuesday-Blitz-April-16-2024"]
[Site "Chess.com"]
[Date "2024.04.16"]
[Round "10"]
[White "IMRosen"]
[Black "EddieMarsalla"]
[Result "0-1"]
[WhiteElo "2707"]
[BlackElo "2607"]
[TimeControl "180+1"]
[EndTime "15:54:09 PDT"]
[Termination "EddieMarsalla won by checkmate"]

1. e4 c6 2. Nc3 d5 3. d4 dxe4 4. Nxe4 Bf5 5. Ng3 Bg6 6. h4 h6 7. Nf3 Nd7 8. Bd3 Bxd3 9. Qxd3 e6 10. Bf4 Ngf6 11. O-O-O Qa5 12. Kb1 Nd5 13. Bd2 Qc7 14.
Ne4 N7f6 15. Ne5 Nxe4 16. Qxe4 O-O-O 17. h5 Bd6 18. Nd3 Rhe8 19. Qg4 Rg8 20. Rhe1 Nf6 21. Qh3 Rge8 22. g4 Qb6 23. Be3 Nd5 24. c4 Nc3+ 25.
Kc2 Nxd1 26. Rxd1 Qa6 27. c5 Qa4+ 28. b3 Qxa2+ 29. Nb2 Bxc5 30. Qf1 Ba3 31. Rb1 Bxb2 32. Rxb2 Qa5 33. b4 Qb5 34. Qe1 e5 35. dxe5 Qxe5 36. Qe2 Qe4+ 37. Kc1 Rd3 38. b5 Rxe3 39. fxe3 Qxe3+ 40. Qxe3 Rxe3 41. bxc6 bxc6 42. Ra2 Kb7 43. Ra4 Kb6 44. Rf4 f6 45. Rd4 Rg3 46. Kd2 a5 47. Ke2 Kc5 48. Ra4 Kb5 49. Rf4 a4 50. Kd2 c5 51. Kc2 c4 52. Re4 Kb4 53. Kb1 Kb3 54.
Re1 Rg2 55. Ka1 c3 56. Rb1+ Rb2 57. Rc1 Ra2+ 58. Kb1 c2+ 59. Rxc2 Rxc2 60. Ka1 Rc1# 0-1

[Event "Late-Titled-Tuesday-Blitz-April-16-2024"]
[Site "Chess.com"]
[Date "2024.04.16"]
[Round "10"]
[White "simaopdias"]
[Black "noblerone"]
[Result "1-0"]
[WhiteElo "2263"]
[BlackElo "2455"]
[TimeControl "180+1"]
[EndTime "15:54:09 PDT"]
[Termination "simaopdias won by resignation"]

1. e4 c5 2. Nf3 e6 3. d4 cxd4 4. Nxd4 Qb6 5. Nb3 Qc7 6. Be3 Nf6 7. Bd3 a6 8. O-O d6 9. c4 b6 10. Nc3 Bb7 11. f3 Be7 12. Qe2 O-O 13. Rfc1 Nbd7 14. Na4 Nc5 15. Nbxc5 dxc5 16. Nc3 Rfd8 17. Bc2 Bd6 18. g3 Be5 19. Bb3 Bd4 20. Kg2 h6 21. Bxd4 Rxd4 22. Rd1 Rad8 23. Rxd4 Rxd4 24. Rd1 Qd8 25.
Kf2 Qd7 26. Bc2 Bc6 27. Rd3 h5 28. Qd2 h4 29. Ne2 hxg3+ 30. hxg3 e5 31. Nxd4 exd4 32.
Qg5 Qh3 33. Qh4 Qe6 34. Rd2 Qxc4 35. e5 Nd5 36. Bh7+ Kf8 37. Qd8+ Be8 38. Be4 Nb4 39.
Qxb6 Qc1 40. Re2 d3 41. Qd6+ Kg8 42. Bxd3 Qd1 43. Bh7+ 1-0

[Event "Late-Titled-Tuesday-Blitz-April-16-2024"]
[Site "Chess.com"]
[Date "2024.04.16"]
[Round "10"]
[White "azikom"]
[Black "Orest_Vovk"]
[Result "0-1"]
[WhiteElo "2687"]
[BlackElo "2566"]
[TimeControl "180+1"]
[EndTime "15:54:11 PDT"]
[Termination "Orest_Vovk won on time"]

1. d4 Nc6 2. Nf3 e5 3. dxe5 Qe7 4. Nc3 Nxe5 5. Nd5 Nxf3+ 6. gxf3 Qd8 7. Bf4 d6 8. e4 Be6 9. Qd2 c6 10. Nc3 Qa5 11. a3 O-O-O 12. O-O-O Nf6 13. Rg1 d5 14. e5 Bxa3 15. exf6 Bxb2+ 16. Kxb2 Qb4+ 17. Ka1 Qa3+ 18. Kb1 d4 19. Qc1 Qa5 20. Rg5 b5 21. fxg7 dxc3 22. Rxd8+ Rxd8 23. Rd5 Bxd5 0-1

[Event "Late-Titled-Tuesday-Blitz-April-16-2024"]
[Site "Chess.com"]
[Date "2024.04.16"]
[Round "10"]
[White "Akhayan"]
[Black "GMMikhailKazakov"]
[Result "0-1"]
[WhiteElo "2398"]
[BlackElo "2513"]
[TimeControl "180+1"]
[EndTime "15:54:12 PDT"]
[Termination "GMMikhailKazakov won on time"]

1. e4 c5 2. Nf3 e6 3. d4 cxd4 4. Nxd4 Nc6 5. Nc3 Qc7 6. g3 a6 7. Bg2 Nf6 8. O-O d6 9. Re1 Be7 10. Nxc6 bxc6 11. e5 dxe5 12. Rxe5 O-O 13. Re1 Bb7 14.
Bf4 Qc8 15. Na4 Nd7 16. Bd6 Bxd6 17. Qxd6 c5 18. Bxb7 Qxb7 19. Rad1 Nf6 20. Qxc5 Rac8 21. Qa3 Rxc2 22. Rc1 Rfc8 23. Rxc2 Rxc2 24. Qd3 Rc8 25. Nc5 Qb4 26. Rc1 Qxb2 27. Rd1 h6 28. Nxa6 Qxa2 29.
Nb4 Qa4 30. Qd4 Rb8 31. Rb1 Nd5 32. Qe5 Rxb4 33. Ra1 Qe8 0-1

[Event "Late-Titled-Tuesday-Blitz-April-16-2024"]
[Site "Chess.com"]
[Date "2024.04.16"]
[Round "10"]
[White "XDPS"]
[Black "ekurtz"]
[Result "1-0"]
[WhiteElo "2817"]
[BlackElo "2618"]
[TimeControl "180+1"]
[EndTime "15:54:13 PDT"]
[Termination "XDPS won by resignation"]

1. d4 Nf6 2. Nf3 g6 3. Bf4 d6 4. e3 Bg7 5. h3 O-O 6. Bh2 c5 7. c3 Qb6 8. Qb3 Be6 9. Qa3 Qc6 10. Nbd2 b5 11. Qa5 a6 12. a4 Nbd7 13. Be2 Rfb8 14.
O-O Qb7 15. dxc5 Nxc5 16. Nd4 Bd5 17. b4 Nce4 18. Nb1 Bc4 19. Bxc4 bxc4 20. f3 Ng5 21. Qxg5 Nd5 22. Re1 h6 23. Qg3 Qd7 24. Qf2 e5 25. Nc2 Nb6 26. a5 Nd5 27. e4 Nc7 28. Nba3 d5 29. Rad1 Qc6 30. exd5 Nxd5 31. Nb1 f6 32. Kh1 Ne7 33. Ne3 h5 34. Nd2 Bh6 35. Ne4 Rd8 36. Qe2 Rxd1 37. Rxd1 Nf5 38. Nxf5 gxf5 39. Rd6 Qa4 40.
Nxf6+ Kh8 41. f4 Bg7 42. Qxh5+ 1-0

[Event "Late-Titled-Tuesday-Blitz-April-16-2024"]
[Site "Chess.com"]
[Date "2024.04.16"]
[Round "10"]
[White "2Coaches1Profile"]
[Black "BenchGM"]
[Result "1-0"]
[WhiteElo "2541"]
[BlackElo "2302"]
[TimeControl "180+1"]
[EndTime "15:54:13 PDT"]
[Termination "2Coaches1Profile won by resignation"]

1. e4 c5 2. c3 Nf6 3. e5 Nd5 4. Bc4 e6 5. Ne2 Qc7 6. d4 cxd4 7. Bxd5 exd5 8. cxd4 d6 9. O-O dxe5 10. dxe5 Bg4 11.
Nbc3 Qxe5 12. Qxd5 Qxd5 13. Nxd5 Bd6 14. Nd4 Nc6 15.
Re1+ Kd7 16. Nxc6 bxc6 17. Ne3 Rhe8 18. Bd2 Be6 19. b3 Kc7 20. Rac1 Ba3 21. Ba5+ Kb7 22. Rcd1 Ka6 23. Bc3 Rad8 24. Bxg7 Rxd1 25. Rxd1 Rg8 26. Bc3 Bc5 27. Bd4 Bb4 28. a3 Be7 29. b4 Kb5 30.
Rc1 Bh3 31. Bxa7 Ka4 32. Rxc6 Kxa3 33. b5 Bg5 34. g3 Rd8 35. f4 Bf6 36. Rxf6 Rd2 37.
Rh6 Bf5 38. Nxf5 1-0

[Event "Late-Titled-Tuesday-Blitz-April-16-2024"]
[Site "Chess.com"]
[Date "2024.04.16"]
[Round "10"]
[White "katharinareinecke"]
[Black "rhwr"]
[Result "1-0"]
[WhiteElo "2036"]
[BlackElo "2228"]
[TimeControl "180+1"]
[EndTime "15:54:14 PDT"]
[Termination "katharinareinecke won by resignation"]

1. e4 c5 2. Nf3 d6 3. Bb5+ Nd7 4. O-O a6 5. Bd3 e5 6. c3 Ngf6 7. Bc2 Be7 8. d4 O-O 9. h3 b5 10. Be3 Qc7 11. Nbd2 Bb7 12. d5 Bc8 13. c4 Nb6 14. b3 Bd7 15. Nh2 Ne8 16. f4 exf4 17. Bxf4 Bf6 18. Rc1 Bd4+ 19. Kh1 bxc4 20. bxc4 Nf6 21. Bd3 Na4 22. Ndf3 Nb2 23. Qd2 Nxd3 24. Qxd3 Bb2 25. Rb1 Rab8 26. Qc2 Ba3 27. e5 Nh5 28. exd6 Qa5 29.
Ng5 g6 30. Be5 Rxb1 31. Rxb1 Bf5 32. Ng4 f6 33. Nh6+ Kg7 34. Nxf5+ gxf5 35. Ne6+ Kf7 36.
Nxf8 Kxf8 37. Qxf5 Qd8 38. Qxh5 fxe5 39. Rf1+ Kg8 40. Qf7+ Kh8 41. Qf8+ Qxf8 42. Rxf8+ Kg7 43. Re8 1-0

[Event "Late-Titled-Tuesday-Blitz-April-16-2024"]
[Site "Chess.com"]
[Date "2024.04.16"]
[Round "10"]
[White "Navyblue1"]
[Black "th3d4rkness"]
[Result "1-0"]
[WhiteElo "2237"]
[BlackElo "2124"]
[TimeControl "180+1"]
[EndTime "15:54:15 PDT"]
[Termination "Navyblue1 won on time"]

1. d4 Nf6 2. c4 g6 3. Nc3 d5 4. Nf3 Bg7 5. Qb3 dxc4 6. Qxc4 O-O 7. Bf4 c6 8. e4 b5 9. Qb3 Be6 10. Qc2 b4 11. Na4 Nbd7 12. Be2 Rc8 13. O-O c5 14. Nxc5 Nxc5 15. dxc5 Qa5 16. Be3 Ng4 17. Bd4 Bxd4 18. Nxd4 Rxc5 19. Qd2 Bc8 20. Rac1 Rxc1 21. Rxc1 Nf6 22. Nc6 Nxe4 23. Nxe7+ Kg7 24. Qd4+ Nf6 25. Nxc8 Qxa2 26. Nxa7 Re8 27. Bf3 b3 28. h3 Qa5 29.
Nc6 Qc7 30. Qc3 Qd6 31. Nd4 1-0

[Event "Late-Titled-Tuesday-Blitz-April-16-2024"]
[Site "Chess.com"]
[Date "2024.04.16"]
[Round "10"]
[White "Meri-Arabidze"]
[Black "DonkyDonkyDonkey"]
[Result "0-1"]
[WhiteElo "2652"]
[BlackElo "2903"]
[TimeControl "180+1"]
[EndTime "15:54:18 PDT"]
[Termination "DonkyDonkyDonkey won on time"]

1. d4 Nf6 2. Nf3 g6 3. g3 Bg7 4.
Bg2 O-O 5. O-O c5 6. d5 d6 7. c4 b5 8. cxb5 a6 9. b6 Qxb6 10. Nc3 a5 11. Re1 Ba6 12. e4 Nbd7 13. h3 Rfb8 14.
Rb1 Ne8 15. Qc2 Nc7 16. Bg5 Kf8 17. h4 Nb5 18. Nxb5 Qxb5 19. Bf1 Qb7 20. Bh3 Ne5 21.
Nxe5 Bxe5 22. h5 Qb5 23. Bf1 Qb4 24. Bxa6 Rxa6 25. Bd2 Qb5 26. Bc3 Qc4 27. Qd2 Bxc3 28. bxc3 Rab6 29. Rxb6 Rxb6 30. Kg2 Kg7 31. Qe3 Rb2 32.
hxg6 fxg6 33. Qg5 Rb7 34. Re3 h6 35. Qf4 Rb1 36. e5 Qf1+ 37. Kf3 Qh1+ 0-1

[Event "Late-Titled-Tuesday-Blitz-April-16-2024"]
[Site "Chess.com"]
[Date "2024.04.16"]
[Round "10"]
[White "AlexPapasimakopoulos"]
[Black "LuisFSiles"]
[Result "1-0"]
[WhiteElo "2647"]
[BlackElo "2414"]
[TimeControl "180+1"]
[EndTime "15:54:18 PDT"]
[Termination "AlexPapasimakopoulos won on time"]

1. d4 Nf6 2. c4 g6 3. Nc3 d5 4. Nf3 Bg7 5. Bg5 Ne4 6. Bf4 Nxc3 7. bxc3 c5 8. e3 Nc6 9. cxd5 Qxd5 10. Qb3 Qxb3 11.
axb3 cxd4 12. exd4 Bg4 13. Be2 O-O 14. h3 Bxf3 15. Bxf3 e5 16. Bxc6 bxc6 17. Bxe5 Rfe8 18. f4 f6 19. b4 fxe5 20. fxe5 Bxe5 21. dxe5 Rxe5+ 22. Kf2 Rf8+ 23. Kg1 Rf7 24. Kh2 Re3 25. Rhc1 Rf2 26. Rxa7 Ree2 27. Rg1 Rc2 28. Ra3 Rfd2 29. Ra7 Rf2 30. Rc7 Rxc3 31. Ra1 Rf7 32. Ra8+ Kg7 33.
Raa7 Rxc7 34. Rxc7+ Kf6 35. b5 c5 36. Rxh7 Rb3 37.
Rb7 c4 38. Rc7 Rxb5 39. Rxc4 g5 40. Kg3 Rb2 41. Rc5 Kg6 42. Rc3 Kf5 43. Kf3 Rb5 44. g3 Ra5 45. g4+ Ke5 46. Re3+ Kf6 47. Rb3 Ke5 48. Kg3 Rc5 49. Rf3 Ke4 50. Ra3 Rb5 51.
h4 gxh4+ 52. Kxh4 Ke5 53. Rf3 Rb8 54. g5 Ke6 55. g6 Ke7 56. Kg5 Rh8 57. g7 Rh1 58.
Kg6 Rg1+ 59. Kh7 Rh1+ 60. Kg8 1-0

[Event "Late-Titled-Tuesday-Blitz-April-16-2024"]
[Site "Chess.com"]
[Date "2024.04.16"]
[Round "10"]
[White "Andrii_Prydun"]
[Black "Fengwi"]
[Result "1-0"]
[WhiteElo "2378"]
[BlackElo "2425"]
[TimeControl "180+1"]
[EndTime "15:54:18 PDT"]
[Termination "Andrii_Prydun won on time"]

1. e4 g6 2. d4 Bg7 3. Be3 d6 4. Nd2 Nc6 5. c3 e5 6. d5 Nce7 7. f3 f5 8. Bd3 Bh6 9. Qe2 Bxe3 10. Qxe3 f4 11. Qf2 Nf6 12. Ne2 O-O 13. g3 Nh5 14. g4 Nf6 15. h3 c6 16. c4 h6 17. Nc3 g5 18. h4 Ng6 19. hxg5 hxg5 20. O-O-O Nh4 21. dxc6 bxc6 22. c5 d5 23. exd5 cxd5 24.
Rxh4 gxh4 25. Qxh4 Kf7 26. g5 Rh8 27. Qf2 Nh5 28.
Nxd5 Qxg5 29. Ne4 Qh6 30. Nd6+ Kg7 31. Rg1+ Ng3 32. Qe1 Qe6 33. Bc4 Ba6 34. Nxf4 Qh6 35. Qxg3+ Kf8 36. Qg8+ Rxg8 37. Rxg8+ Ke7 38. Nf5+ 1-0

[Event "Late-Titled-Tuesday-Blitz-April-16-2024"]
[Site "Chess.com"]
[Date "2024.04.16"]
[Round "10"]
[White "kleinebeer98"]
[Black "FabianoCaruana"]
[Result "0-1"]
[WhiteElo "2903"]
[BlackElo "3091"]
[TimeControl "180+1"]
[EndTime "15:54:20 PDT"]
[Termination "FabianoCaruana won by resignation"]

1. e4 c5 2. Nf3 Nc6 3. d4 cxd4 4. Nxd4 Nf6 5. Nc3 d6 6. Nd5 Bd7 7.
Nxf6+ gxf6 8. Be3 e6 9. Be2 a6 10. O-O Qc7 11. c4 Ne5 12. Rc1 h5 13. h3 h4 14. b4 Ng6 15. Bg4 Bh6 16. Bxh6 Rxh6 17. c5 dxc5 18. Rxc5 Qf4 19. b5 b6 20. Rc3 axb5 21. Qb3 Kf8 22. Rfc1 Ne5 23. Rc7 Nxg4 24. hxg4 h3 25. gxh3 Ra4 26. Qb2 Rxh3 27. Ne2 Qxg4+ 28. Ng3 e5 29. R1c3 Be6 30. Qxb5 Rxa2 31. Qb1 Rd2 32. Kg2 Qh4 33. Qg1 Rh2+ 34. Qxh2 Rxf2+ 35. Kxf2 Qxh2+ 36. Kf3 Qh3 37. Kf2 Qg4 38. Rb7 Qf4+ 39. Kg2 Qd2+ 40.
Ne2 Qxe2+ 0-1

[Event "Late-Titled-Tuesday-Blitz-April-16-2024"]
[Site "Chess.com"]
[Date "2024.04.16"]
[Round "10"]
[White "Slovineanu"]
[Black "chess_sharparchitect"]
[Result "1-0"]
[WhiteElo "2469"]
[BlackElo "2235"]
[TimeControl "180+1"]
[EndTime "15:54:25 PDT"]
[Termination "Slovineanu won on time"]

1. d4 Nf6 2. Nf3 d5 3. c4 e6 4. e3 c5 5. cxd5 exd5 6. Bb5+ Bd7 7. Be2 cxd4 8. Nxd4 Nc6 9. O-O Bd6 10. Nc3 O-O 11.
b3 Re8 12. Bb2 Rc8 13. Nf3 Be6 14. Nb5 Bb8 15. Nbd4 Ne4 16. Rc1 Qd6 17. Nxc6 bxc6 18. Ba6 Ng5 19. Ne5 f6 20. Bxc8 Rxc8 21. f4 Ne4 22. Nf3 c5 23. Nd2 f5 24. Nxe4 fxe4 25.
Qe2 Qb6 26. Rfd1 Bd6 27. Rc2 Bf8 28. Be5 Qb7 29. Rdc1 Qd7 30. Bd4 cxd4 31. Rxc8 d3 32. Qd2 Qb7 33. Kf2 Kf7 34. R8c7+ Qxc7 35. Rxc7+ Kf6 36.
Rc6 1-0

[Event "Late-Titled-Tuesday-Blitz-April-16-2024"]
[Site "Chess.com"]
[Date "2024.04.16"]
[Round "10"]
[White "cedchass2006"]
[Black "subham777"]
[Result "0-1"]
[WhiteElo "2403"]
[BlackElo "2527"]
[TimeControl "180+1"]
[EndTime "15:54:28 PDT"]
[Termination "subham777 won by checkmate"]

1. e4 e6 2. d4 d5 3. e5 c5 4. c3 Nc6 5. Nf3 Qb6 6. a3 cxd4 7.
cxd4 Nge7 8. b4 Nf5 9. Be3 Nxe3 10. fxe3 Bd7 11. Nbd2 a5 12. b5 Na7 13. a4 Bb4 14. Kf2 O-O 15. Bd3 f5 16. exf6 Rxf6 17.
Rf1 Raf8 18. Kg1 Nc8 19. Rc1 Be8 20. Qc2 h6 21. Qxc8 Bxb5 22. Qc2 Be8 23. Ne5 Rxf1+ 24. Rxf1 Rxf1+ 25. Nxf1 Qd8 26. Bh7+ Kh8 27. Bg6 Bxg6 28.
Qxg6 Qh4 29. Qe8+ Kh7 30. Qxe6 Qe1 31. Qg6+ Kg8 32. Qf7+ Kh7 33. Ng4 Qh4 34. Qf5+ Kg8 35. Qxd5+ Kh7 36. Qe4+ Kh8 37. Ng3 Qd8 38. Nf5 Qc8 39. h3 b5 40. axb5 a4 41. Qe5 Bf8 42. Ngxh6 a3 43. Nf7+ Kg8 44. Qd5 Kh7 45. Kh2 Qb8+ 46. Ne5 Qa7 47. Nh4 a2 48. Qe4+ Kg8 49.
b6 Qa5 50. b7 Bd6 51. b8=Q+ Bxb8 52. Qg6 Bxe5+ 53. dxe5 Qxe5+ 54. g3 a1=Q 55. Ng2 Qa8 56. Nf4 Qb2+ 57. Ng2 Qbxg2# 0-1

[Event "Late-Titled-Tuesday-Blitz-April-16-2024"]
[Site "Chess.com"]
[Date "2024.04.16"]
[Round "10"]
[White "Abund"]
[Black "dropstoneDP"]
[Result "1-0"]
[WhiteElo "2816"]
[BlackElo "3034"]
[TimeControl "180+1"]
[EndTime "15:54:30 PDT"]
[Termination "Abund won on time"]

1. e4 e5 2. Nf3 Nf6 3. Nxe5 d6 4.
Nf3 Nxe4 5. d3 Nf6 6. d4 d5 7. Bd3 Bd6 8. Qe2+ Be7 9. Bf4 O-O 10. O-O Nc6 11. c3 Bg4 12. h3 Bh5 13. Nbd2 Re8 14. Qd1 Bd6 15. Bxd6 Qxd6 16. Qb3 b6 17. Rfe1 Bg6 18.
Ba6 Ne4 19. Qa4 Re6 20. Nxe4 dxe4 21. Ng5 Ne7 22. Nxe6 Qxe6 23. Qc4 Qxc4 24. Bxc4 Kf8 25. Ba6 Rb8 26. a4 f5 27. f3 exf3 28. gxf3 Nd5 29. Re5 Nf4 30. Kh2 Rd8 31. Rae1 c5 32. Kg3 Nh5+ 33.
Kf2 cxd4 34. Rd1 d3 35. Rxd3 Rb8 36. Rd7 Nf4 37. Kg3 Nh5+ 38. Kf2 Nf4 39. h4 Kg8 40. Ree7 Kf8 41. Rxa7 1-0

[Event "Late-Titled-Tuesday-Blitz-April-16-2024"]
[Site "Chess.com"]
[Date "2024.04.16"]
[Round "10"]
[White "jinxy2009"]
[Black "CMButgood"]
[Result "1-0"]
[WhiteElo "2310"]
[BlackElo "2058"]
[TimeControl "180+1"]
[EndTime "15:54:30 PDT"]
[Termination "jinxy2009 won on time"]

1. e4 c5 2. Nf3 d6 3. d4 cxd4 4. Nxd4 Nf6 5. Nc3 g6 6. Be3 Bg7 7. f3 O-O 8. Qd2 Nc6 9. Bc4 Bd7 10. O-O-O Rb8 11. Bb3 Nxd4 12. Bxd4 b5 13. Nd5 Nxd5 14. Bxg7 Kxg7 15. exd5 a5 16. a3 Qb6 17. Qd4+ f6 18.
Rhe1 Qxd4 19. Rxd4 Kf7 20. Rde4 Rfe8 21. g4 Rbc8 22.
R4e3 Rc5 23. Kb1 Rc7 24. c3 Rc5 25. h4 h6 26. R3e2 Bc8 27. Rh1 Bb7 28. Rd2 a4 29. Ba2 Ra8 30. h5 g5 31. Re1 Ra7 32. Re3 Kf8 33.
Kc1 Kf7 34. Kd1 Kf8 35. Ke1 Kf7 36. Kf2 Kf8 37. Rd4 Kf7 38. Kg3 Kf8 39. f4 Kf7 40.
fxg5 hxg5 41. Re2 Ra8 42. Red2 Rh8 43. Bb1 Rc7 44. Bg6+ Kg7 45. Bf5 Rb8 46. Be6 Bc8 47.
Bxc8 Rbxc8 48. Re2 Kf7 49. Kf3 Rc4 50. Ke4 R8c7 51.
Rf2 Kg7 52. Rf5 Rxd4+ 53. Kxd4 Rc4+ 54. Kd3 Rxg4 55. Rf2 Rg3+ 56. Kd4 Rh3 57. b3 axb3 58. Rb2 Rh4+ 59. Ke3 Rh3+ 60. Kd4 Rh4+ 61. Ke3 Rh3+ 62. Ke4 Rxc3 63. Kd4 Rc4+ 64. Kd3 f5 65. Rxb3 Rc5 66. Kd4 Kf6 67. Re3 f4 68. Re6+ Kf7 69. h6 f3 70.
h7 1-0

[Event "Late-Titled-Tuesday-Blitz-April-16-2024"]
[Site "Chess.com"]
[Date "2024.04.16"]
[Round "10"]
[White "Allion2017"]
[Black "Mariia89"]
[Result "1-0"]
[WhiteElo "2260"]
[BlackElo "2218"]
[TimeControl "180+1"]
[EndTime "15:54:32 PDT"]
[Termination "Allion2017 won on time"]

1. d4 Nf6 2. c4 c5 3. d5 b5 4.
cxb5 a6 5. bxa6 Bxa6 6. Nc3 d6 7.
Nf3 g6 8. e4 Bxf1 9. Kxf1 Bg7 10. h3 O-O 11. Kg1 Nbd7 12. Kh2 Qa5 13. Re1 Rfb8 14.
Re2 Ne8 15. Bg5 Kf8 16. Qc1 Kg8 17. Rc2 Rb7 18. Kg1 Rab8 19. b3 Nb6 20. Bd2 Qa6 21.
Rb1 Nd7 22. Qf1 Qa8 23. Be1 Nc7 24. Qe2 Qa3 25. Rd1 Na6 26. Nb1 Qb4 27. Bxb4 Nxb4 28.
Rcd2 Ra7 29. Rc1 Rba8 30. Nc3 Bh6 31. Rcd1 Bxd2 32. Rxd2 Nb6 33. e5 dxe5 34. Nxe5 Nc8 35. Nc6 Nxc6 36. dxc6 Nd6 37. Qe5 Ra5 38. Qxe7 Nf5 39. Qd7 Kg7 40. c7 1-0

[Event "Late-Titled-Tuesday-Blitz-April-16-2024"]
[Site "Chess.com"]
[Date "2024.04.16"]
[Round "10"]
[White "Jahonas"]
[Black "martinmena"]
[Result "1-0"]
[WhiteElo "2384"]
[BlackElo "2188"]
[TimeControl "180+1"]
[EndTime "15:54:34 PDT"]
[Termination "Jahonas won by resignation"]

1. d4 d5 2. c4 e6 3. cxd5 exd5 4. Nc3 Nf6 5. Nf3 Be7 6. Bg5 O-O 7. e3 Nbd7 8. Bd3 c6 9. O-O Re8 10. Rc1 Nf8 11. Qc2 Ne4 12. Bxe7 Qxe7 13. a3 f5 14. Ne5 Nd7 15. f4 Nxe5 16. fxe5 Qg5 17. Rf3 Be6 18. Rcf1 Rf8 19. Bxe4 fxe4 20. Rxf8+ Rxf8 21. Rxf8+ Kxf8 22. Qf2+ Qf5 23. b4 Qxf2+ 24. Kxf2 b5 25. Kg3 g5 26. h4 h6 27. hxg5 hxg5 28. Nb1 Kg7 29. Nd2 Kg6 30. Nb3 Kf5 31. Na5 Bd7 32. Nb7 Kg6 33. Nc5 Bc8 34. a4 bxa4 35. Nxa4 Ba6 36. Nc5 Be2 37. Nb7 Kf5 38. Nd8 Bb5 39. Nf7 Kg6 40. Nd6 Be2 41. Nc8 a6 42. Ne7+ Kf7 43. Nxc6 Ke6 44. Na5 Bc4 45. Nxc4 dxc4 46.
Kf2 Kd5 47. Ke2 Kc6 48. Kd2 Kb5 49. Kc3 a5 50. bxa5 Kxa5 51. Kxc4 Kb6 52. Kd5 Kc7 53. Kxe4 Kd7 54. Kf5 1-0

[Event "Late-Titled-Tuesday-Blitz-April-16-2024"]
[Site "Chess.com"]
[Date "2024.04.16"]
[Round "10"]
[White "szachmistrz2500"]
[Black "DeArron_Fox"]
[Result "1-0"]
[WhiteElo "2475"]
[BlackElo "2559"]
[TimeControl "180+1"]
[EndTime "15:54:35 PDT"]
[Termination "szachmistrz2500 won on time"]

1. d4 d5 2. c4 e6 3. Nf3 Nf6 4. Nc3 Be7 5. Bg5 O-O 6. e3 h6 7. Bh4 b6 8. cxd5 Nxd5 9. Bxe7 Qxe7 10. Nxd5 exd5 11. Rc1 Be6 12. Be2 c5 13. dxc5 bxc5 14. O-O Nd7 15. Qa4 Rfc8 16. Qa3 Qd6 17. Rfd1 Qb6 18. b3 a5 19. Ne1 a4 20. bxa4 Qa5 21. Bf3 Nb6 22. Nd3 Qxa4 23. Qc3 Qxa2 24. Nf4 d4 25.
exd4 cxd4 26. Qxd4 Rxc1 27. Rxc1 Rc8 28. Rxc8+ Nxc8 29. h3 Qb1+ 30. Kh2 Qb8 31. g3 Ne7 32. Nxe6 fxe6 33.
Qd7 Qf8 34. Qxe6+ Qf7 35. Qe3 Nf5 36. Qd3 Kh8 37. Bd5 Qf6 38. Be4 Nd6 39. Bf3 Nf7 40.
Qe3 Ne5 41. Be4 Nc4 42. Qc5 Nd6 43. Bg2 Kg8 44. h4 Kf8 45. Kg1 Qe7 46. Bd5 1-0

[Event "Late-Titled-Tuesday-Blitz-April-16-2024"]
[Site "Chess.com"]
[Date "2024.04.16"]
[Round "10"]
[White "TigrVShlyape"]
[Black "ural58"]
[Result "1-0"]
[WhiteElo "2938"]
[BlackElo "2549"]
[TimeControl "180+1"]
[EndTime "15:54:39 PDT"]
[Termination "TigrVShlyape won on time"]

1. e4 d5 2. exd5 Qxd5 3. Nc3 Qa5 4. d4 Nf6 5. Nf3 Nc6 6. h3 Ne4 7. Bd3 Nxc3 8. bxc3 g6 9. O-O Bg7 10. Bd2 O-O 11. Re1 Qd5 12. a4 a6 13. Rb1 Rb8 14.
c4 Qd6 15. c5 Qd8 16. c3 b6 17. Be4 Bd7 18. d5 Ne5 19. c6 Nxf3+ 20. Bxf3 Bf5 21. Rb4 a5 22. Rb3 Qd6 23. c4 e6 24. Bc1 exd5 25. cxd5 Rfe8 26. Ba3 Qf4 27. Rbe3 Rxe3 28. Rxe3 Bf8 29.
g3 Qc4 30. Be2 Qa2 31. Bxf8 Rxf8 32. g4 Bc2 33. Qd4 Qxa4 34. Qe5 Qb4 35. Qxc7 Be4 36. d6 Qb1+ 37. Bf1 Bd5 38. Qe7 Bc4 39. Re1 Qc2 40.
d7 Bxf1 41. d8=Q 1-0